 Dungeon Crawl Stone Soup version 0.32-a0-422-g28b100f618 (webtiles) character file.

Game seed: 2460025507567798796

2496 javelincjr the Trooper (level 9, -3/72 HPs)
             Began as a Coglin Wanderer on Feb 21, 2024.
             Was a Believer of Beogh.
             Killed by divine providence
             ... invoked by an orc priest
              (15 damage)
             ... on level 7 of the Dungeon.
             The game lasted 00:22:32 (6074 turns).

javelincjr the Trooper (Coglin Wanderer)            Turns: 6074, Time: 00:22:33

Health: -3/72      AC:  7    Str: 17    XL:     9   Next: 52%
Magic:  11/11      EV: 12    Int: 13    God:    Beogh [**....]
Gold:   269        SH:  0    Dex: 12    Spells: 9/10 levels left

rFire   . . .        w - +7 mace of Distant Worlds {drain, rPois rN+}
rCold   + . .        G - +0 war axe (heavy) {Joji}
rNeg    + . .        x - +0 ring mail
rPois   +            (no helmet)
rElec   .            (no cloak)
rCorr   .            B - +0 pair of gloves
SInv    .            (no boots)
Will    .....        l - amulet of magic regeneration
Stlth   ++           L - ring of protection from cold
HPRegen 0.32/turn    (no ring)
MPRegen 0.52/turn

%: no passive effects
@: immotile, revved
A: off-hand wielding, slow wielding, warmup strikes, legs shutdown
a: Renounce Religion, Smiting


You were on level 7 of the Dungeon.
You worshipped Beogh.
Beogh was pleased with you.
You visited 1 branch of the dungeon, and saw 7 of its levels.

You collected 269 gold pieces.

Inventory:

Hand Weapons
 a - a +0 hand axe {Liang}
 n - a +0 spear {Seoyun}
 w - the +7 mace of Distant Worlds (weapon) {drain, rPois rN+}
   (You found it on level 3 of the Dungeon)

   rPois:     It protects you from poison rN+: It protects you from negative
   energy.
 A - a +0 sling
 G - a +0 heavy war axe (offhand) {Joji}
 H - a +0 broad axe
 J - a +0 arbalest
Missiles
 q - 5 poisoned darts (quivered)
Armour
 b - a +0 buckler
 x - a +0 ring mail (worn)
 B - a +0 pair of gloves (worn)
 F - a +0 scale mail
 K - a +0 chain mail
Jewellery
 l - an amulet of magic regeneration (around neck)
 L - a ring of protection from cold (left grasper)
Wands
 C - a wand of charming (13)
Scrolls
 c - 5 scrolls of teleportation
 f - a scroll of poison {unknown}
 h - a scroll of immolation {unknown}
 i - 2 scrolls of blinking
 k - 2 scrolls of butterflies {unknown}
 m - a scroll of fear {unknown}
 o - a scroll of amnesia {unknown}
 r - a scroll of enchant weapon {unknown}
 t - a scroll of acquirement {unknown}
 u - 2 scrolls of noise {unknown}
 y - a scroll of enchant armour {unknown}
 D - a scroll of torment
Potions
 e - a potion of brilliance
 g - a potion of curing
 j - a potion of mutation
 p - a potion of haste
 s - 2 potions of enlightenment
 v - 3 potions of heal wounds
 z - a potion of attraction {unknown}
 I - a potion of degeneration {unknown}


   Skills:
 * Level 7.2 Fighting
 - Level 4.0(4.6) Axes
 + Level 3.1(3.9) Maces & Flails
 + Level 4.2 Armour
 + Level 4.4 Dodging
 + Level 4.5 Stealth
 - Level 1.3 Shields
 - Level 1.4 Spellcasting
 - Level 3.0 Conjurations


You had 9 spell levels left.
You knew the following spells:

 Your Spells              Type           Power      Damage    Failure   Level
a - Sting                 Conj/Alch      16%        1d4       26%         1

Your spell library contained the following spells:

 Spells                   Type           Power      Damage    Failure   Level
 Magic Dart               Conj           32%        1d4       14%         1
 Freeze                   Ice            0%         1d3       43%         1
 Hailstorm                Conj/Ice       4%         3d5       58%         3
 Frozen Ramparts          Ice            0%         1d1       80%         3
 Brom's Barrelling Bould  Conj/Erth      4%         2d3       94%         4


Dungeon Overview and Level Annotations

Branches:
Dungeon (7/15)             Temple (0/1) D:5

Altars:
Nemelex Xobeh
Ru
Wu Jian


Innate Abilities, Weirdness & Mutations

Your facial features look somewhat orcish.
You can wield a second weapon in your off-hand.
It takes a long time for you to wield or remove held weapons.
Your first few attacks do less damage.
Attacking and casting redirects power from your legs.


Message History

An orc comes into view. It is wielding a +0 falchion.
The orc warrior hits you with a +0 scimitar!
You are too injured to fight recklessly!
You are too injured to fight recklessly!
You are too injured to fight recklessly!
You closely miss the orc warrior with your +0 heavy war axe.
The orc priest shouts!
The orc shouts!
You thump the orc warrior with the +7 mace of Distant Worlds!
The orc warrior barely misses you.
You hit the orc warrior with the +7 mace of Distant Worlds.
You drain the orc warrior.
The orc warrior is severely wounded.
You hit the orc warrior with your +0 heavy war axe.
The orc priest calls upon Beogh to heal the orc warrior.
The orc warrior is healed somewhat.
The orc warrior hits you with a +0 scimitar. x2
You barely miss the orc warrior with your +0 heavy war axe.
The orc warrior is severely wounded.
You closely miss the orc warrior with the +7 mace of Distant Worlds.
The orc warrior barely misses you.
You barely miss the orc warrior with your +0 heavy war axe.
The orc warrior is severely wounded.
You barely miss the orc warrior with the +7 mace of Distant Worlds.
The orc unwields a +0 falchion.
The orc wields a +0 sling.
The orc shoots a sling bullet.
The sling bullet closely misses you.
The orc warrior hits you with a +0 scimitar!
* * * LOW HITPOINT WARNING * * *
The orc hits you but does no damage.
You barely miss the orc priest with your +0 heavy war axe.
You slash the orc warrior with your +0 heavy war axe!
The orc warrior falls to its knees.
It yells, "I follow Beogh's word, I swear it!"
You slice the orc with your +0 heavy war axe!!
You kill the orc!
Beogh accepts your kill.
You hit the orc priest with the +7 mace of Distant Worlds.
The orc priest mumbles some strange prayers to Beogh against you.
Beogh smites you!
You die...
Beogh appreciates the orc priest's killing of a heretic priest.

........'....#........#
........#....#........#
..#####'#)...#........#
. #.....))...#........#
#....[.....'...)....#
#..........##..##'###
#......##+###..##..#
#......# #....+..#
#......+ #o@..#..+
#......# ##o)##.##
.......## #o.##.#
.......+ .......
....... ###...# .>.#
...#


You could see an orc priest, an orc and a neutral orc warrior (wandering,
drained).

Vanquished Creatures
  A wyvern (D:7)
  A steam dragon (D:7)
  Menkaure (D:5)
  A water moccasin (D:6)
  A black bear (D:6)
  3 ice beasts
  An orc warrior (D:7)
  3 ogres
  2 centaurs
  2 phantoms
  3 scorpions
  4 killer bees (D:6)
  A jelly (D:6)
  A bombardier beetle (D:6)
  4 orc priests
  2 hounds
  6 orc wizards
  2 adders (D:2)
  A shadow imp (D:6)
  5 dart slugs
  2 ribbon worms (D:2)
  14 orcs
  7 ball pythons
  5 endoplasms
  3 giant cockroaches
  7 hobgoblins
  14 jackals
  4 kobolds
  3 quokkas
  A bat (D:1)
  9 frilled lizards
  11 goblins
  5 rats
130 creatures vanquished.

Vanquished Creatures (others)
  An orc wizard (D:5)
  2 orcs
3 creatures vanquished.

Grand Total: 133 creatures vanquished

Notes
Turn   | Place    | Note
-------+----------+-------------------------------------------
     0 | D:1      | javelincjr the Coglin Wanderer began the quest for the Orb.
     0 | D:1      | javelincjr set off with the following items: a +0 hand axe
                  | {Liang}, a +0 buckler, a scroll of teleportation, a +0
                  | robe; and the following spells available to memorise: Magic
                  | Dart, Sting, Brom's Barrelling Boulder.
     0 | D:1      | Reached XP level 1. HP: 15/15 MP: 2/2
     2 | D:1      | Learned a level 1 spell: Sting
    78 | D:1      | Reached XP level 2. HP: 15/21 MP: 3/3
   291 | D:1      | Reached XP level 3. HP: 26/26 MP: 4/4
  1045 | D:2      | Reached XP level 4. HP: 33/33 MP: 6/6
  1260 | D:2      | Reached skill level 2 in Fighting
  1786 | D:3      | Reached XP level 5. HP: 27/38 MP: 7/7
  1800 | D:3      | Identified the +7 mace of Distant Worlds {drain, rPois rN+}
  2112 | D:3      | Reached skill level 1 in Armour
  2559 | D:4      | Noticed an ogre
  2566 | D:4      | Killed an ogre
  2567 | D:4      | Reached skill level 3 in Fighting
  2567 | D:4      | Reached XP level 6. HP: 26/47 MP: 8/8
  2681 | D:4      | Became a worshipper of Beogh the Shepherd
  2870 | D:4      | Reached XP level 7. HP: 53/53 MP: 9/9
  2875 | D:4      | Reached skill level 4 in Fighting
  3399 | D:4      | Found a sacrificial altar of Ru.
  3411 | D:4      | Found an ornate altar of the Wu Jian Council.
  3454 | D:5      | Entered Level 5 of the Dungeon
  3583 | D:5      | Reached * piety under Beogh
  3853 | D:5      | Found a staircase to the Ecumenical Temple.
  3960 | D:5      | Reached XP level 8. HP: 33/61 MP: 10/10
  4155 | D:5      | Found a sparkling altar of Nemelex Xobeh.
  4194 | D:5      | Reached skill level 5 in Fighting
  4684 | D:6      | Noticed Menkaure
  4851 | D:5      | Killed Menkaure
  4852 | D:5      | Reached skill level 1 in Maces & Flails
  5138 | D:6      | Reached skill level 6 in Fighting
  5341 | D:6      | Reached XP level 9. HP: 66/71 MP: 11/11
  5862 | D:7      | Reached ** piety under Beogh
  5868 | D:7      | Reached skill level 7 in Fighting
  6074 | D:7      | Killed from afar by an orc priest

Illustrated notes

Levels and vault maps discovered:
D:1:      saegor_arrival_simple_c, layout_basic
D:2:      layout_loops_ring, minmay_misc_feat_chi
D:3:      layout_loops_ring
D:4:      layout_loops_ring, amethyst_overflow_temple_binary
D:5:      layout_loops_corners, nemelex_spade_bored_becter,
          minmay_temple_entry_large_hall
D:6:      layout_basic, hangedman_abyss_or_decor_stabs, st_stairs_4,
          uniq_menkaure
D:7:      corexii_shack_village, layout_gridville

Skill      XL: |  1  2  3  4  5  6  7  8  9 |
---------------+----------------------------+-----
Conjurations   | 3 |  3.0
Fighting       | 2 3 4 6 7 |  7.2
Stealth        | 2 3 4 |  4.5
Armour         | 1 2 3 4 |  4.2
Dodging        | 2 3 4 |  4.4
Axes           | 3 4 |  4.0
Maces & Flails | 2 3 |  3.1
Shields        | |  1.3
Spellcasting   | |  1.4

Action                     |  1- 3 |  4- 6 |  7- 9 || total
---------------------------+-------+-------+-------++-------
  Melee: Hand axe          |    72 |    99 |    79 ||   250
         Spear             |    24 |    45 |       ||    69
         Mace              |       |    59 |   131 ||   190
         War axe           |       |       |    44 ||    44
  Throw: Dart              |       |       |    10 ||    10
   Cast: Sting             |     6 |     2 |     1 ||     9
 Invoke: Convert to Beogh  |       |     1 |       ||     1
    Use: Scroll            |       |     5 |     6 ||    11
   Stab: Sleeping          |     1 |     6 |       ||     7
 Armour: Robe              |    38 |    38 |       ||    76
         Ring mail         |       |     7 |   141 ||   148
  Dodge: Dodged            |    46 |    61 |   115 ||   222
  Block: Buckler           |     9 |       |       ||     9

Table legend: (Time is in decaauts)
 A = Elapsed time spent in this place.
 B = Non-inter-level travel time spent in this place.
 C = Inter-level travel time spent in this place.
 D = Time resting spent in this place.
 E = Time spent auto-exploring this place.
 F = Levels seen in this place.
 G = Mean time per level.
                   A        B        C        D        E       F      G
               +--------+--------+--------+--------+--------+-----+--------+
         Total |   6147 |   5914 |    233 |    501 |   4300 |   7 |  878.1 |
       Dungeon |   6147 |   5914 |    233 |    501 |   4300 |   7 |  878.1 |
               +--------+--------+--------+--------+--------+-----+--------+

Top non-repeatable levels by time:
     D:5: 1466 daAuts
     D:1: 1041 daAuts
     D:6: 907 daAuts
     D:4: 904 daAuts
     D:3: 806 daAuts
     D:2: 736 daAuts
     D:7: 284 daAuts
